 Dungeon Crawl Stone Soup version 0.30-a0-782-ge64f9170bb (webtiles) character file.

Game seed: 13186637436937431100

3136 Errthou the Basher (level 9, 0/98 HPs)
             Began as an Ogre Berserker on Feb 20, 2023.
             Was a Priest of Trog.
             Slain by Erica
             ... wielding a +4 scimitar of flaming
              (2 damage)
             ... on level 8 of the Dungeon on Feb 21, 2023.
             The game lasted 00:30:08 (12175 turns).

Errthou the Basher (Ogre Berserker)                Turns: 12175, Time: 00:30:08

Health: 0/98       AC:  4    Str: 27    XL:     9   Next: 92%
Magic:  9/9        EV: 10    Int:  8    God:    Trog [***...]
Gold:   377        SH:  0    Dex:  8    Spells: 8/8 levels left

rFire   . . .      SeeInvis .    H - +0 giant spiked club
rCold   . . .      Faith    .    (shield currently unavailable)
rNeg    . . .      Spirit   .    b - +0 animal skin
rPois   +          Reflect  .    (helmet restricted)
rElec   .          Harm     .    x - +0 cloak
rCorr   .          Rampage  .    (gloves unavailable)
Will    .....                    (boots unavailable)
Stlth   +                        k - amulet of regeneration
HPRegen 1.16/turn                y - ring of poison resistance
MPRegen 0.11/turn                (no ring)

@: slowed, very slow
A: large, unfitting armour, tough skin 1
a: Renounce Religion, Berserk, Trog's Hand


You were on level 8 of the Dungeon.
You worshipped Trog.
Trog was most pleased with you.
You visited 2 branches of the dungeon, and saw 9 of its levels.

You collected 377 gold pieces.

Inventory:

Hand Weapons
 H - a +0 giant spiked club (weapon)
Missiles
 r - 2 throwing nets (quivered)
Armour
 b - a +0 animal skin (worn)
 x - a +0 cloak (worn)
Jewellery
 k - an amulet of regeneration (around neck)
 y - a ring of poison resistance (left hand)
 I - an amulet of faith
Wands
 u - a wand of mindburst (14)
Scrolls
 c - a scroll of noise
 f - 2 scrolls of poison
 i - 5 scrolls of teleportation
 o - a scroll of fear
 p - a scroll of immolation
 t - a scroll of blinking {unknown}
 w - a scroll of torment {unknown}
 z - a scroll of enchant weapon {unknown}
 A - 2 scrolls of silence
 B - a scroll of amnesia {unknown}
 E - 2 scrolls of butterflies
 F - a scroll of fog {unknown}
 G - a scroll of enchant armour {unknown}
 J - a scroll of identify
Potions
 a - a potion of ambrosia
 d - a potion of mutation
 e - a potion of degeneration
 g - a potion of cancellation
 h - 2 potions of lignification
 j - 2 potions of magic
 l - 6 potions of curing
 m - 3 potions of berserk rage
 n - 3 potions of haste
 s - 6 potions of heal wounds
 v - a potion of might
 C - a potion of attraction {unknown}
 D - a potion of invisibility {unknown}


   Skills:
 - Level 9.1 Fighting
 * Level 11.3 Maces & Flails
 - Level 2.6 Dodging


You had 8 spell levels left.
You didn't know any spells.
Your spell library was empty.

Dungeon Overview and Level Annotations

Branches:
Dungeon (8/15)             Temple (1/1) D:5
   Lair: D:8-11

Altars:
Ashenzari
Dithmenos
Elyvilon
Fedhas
Gozag
Hepliaklqana
Kikubaaqudgha
Makhleb
Nemelex Xobeh
Okawaru
Qazlal
Ru
Sif Muna
Trog
Vehumet
Wu Jian
Xom
Yredelemnul
Zin
The Shining One
Lugonu

Annotations:
D:8 Erica, Prince Ribbit


Innate Abilities, Weirdness & Mutations

You are too large for most types of armour.
You have tough skin. (AC +1)


Message History

Found a falchion.
You feel yourself slow down.
Found a stone staircase leading down.
Something hits you! Something burns you.
Found a robe.
You hear some strange, mumbled words.
A bolt of poison appears from out of thin air!
The bolt of poison misses you.
You hear some strange, mumbled words.
You are confused.
Found 11 gold pieces.
A howler monkey comes into view.
The howler monkey howls!
Something hits you! Something burns you. Something hits you!
Something burns you.
You're too confused to move!
You hear some strange, mumbled words.
You feel as though you will be slow longer.
You feel less confused. Something hits you! Something burns you!
A howler monkey comes into view.
Something hits you! Something burns you. Something hits you!
* * * LOW HITPOINT WARNING * * *
Something burns you.
* * * LOW HITPOINT WARNING * * *
A centaur comes into view.
The centaur shouts!
The centaur wields a +2 heavy shortbow.
The centaur shoots an arrow.
The arrow barely misses you.
The howler monkey hoots and howls with incredible vigour!
You hear some strange, mumbled words.
A lance of force appears from out of thin air!
The lance of force misses you.
The centaur shoots an arrow.
The arrow hits you!
* * * LOW HITPOINT WARNING * * *
Prince Ribbit comes into view.
The howler monkey completely misses you.
The centaur shoots an arrow.
The arrow barely misses you. Something hits you!
* * * LOW HITPOINT WARNING * * *
Something burns you.
You die...

,,,,,,,$.###..*........#,,,,,,,,,
,,,,,,,...#...##....[c.##**,****,
****,,.......#..>.......#**,* *,
,,,,,,........)........,,,,,* **
,,,,,,................,,***,*****
,,,,,,.[.....#...#..###..**,,,,**
,,,,,,.........#.#.......*,,,,,**
,,,,,,.........h.........,,,,,^,,
,,,,,,........h.@........,,,,,,*,
,,,,,,...................,,,,,,*,
*****,.......?........F..,,,,,,**
***.............###.#.,,,,,,**
*,,.............#*,,..,,*,****
*,,.............##.,,.,,,,,***
*,,........<.......,,,,,,,,,**
*,,.............#..,,,,,***,,,
***##.###########*.,,,,,* *,,,


You could see Prince Ribbit, a centaur and 2 howler monkeys.

Vanquished Creatures
  Grinder (D:3)
  Menkaure (D:7)
  An ice beast (D:5)
  An orc warrior (D:7)
  2 sky beasts (D:6)
  3 black bears
  An ogre (D:6)
  A kobold brigand (D:4)
  3 bullfrogs
  4 scorpions
  A necrophage (D:5)
  9 wights (D:7)
  2 jellies
  A howler monkey (D:7)
  5 hounds
  A gnoll bouda (D:7)
  5 orc priests
  Terence (D:3)
  3 iguanas
  6 orc wizards
  12 gnolls
  12 adders
  2 shadow imps
  3 white imps
  2 ufetubi
  2 worms
  2 dart slugs
  13 orcs
  10 endoplasms
  3 giant cockroaches
  6 goblins
  7 hobgoblins
  7 kobolds
  3 quokkas
  10 ball pythons
  3 bats
  10 frilled lizards
  9 rats
168 creatures vanquished.

Vanquished Creatures (others)
  An orc (D:4)
  9 plants (D:2)
10 creatures vanquished.

Grand Total: 178 creatures vanquished

Notes
Turn   | Place    | Note
-------+----------+-------------------------------------------
     0 | D:1      | Errthou the Ogre Berserker began the quest for the Orb.
     0 | D:1      | Reached XP level 1. HP: 24/24 MP: 1/1
   401 | D:1      | Reached XP level 2. HP: 33/33 MP: 2/2
   443 | D:1      | Reached skill level 3 in Maces & Flails
   903 | D:1      | You fall into a shaft and drop 1 floor!
   948 | D:2      | Reached ** piety under Trog
  1132 | D:2      | Identified the +4 ring mail of Dim Light {Will- rCorr Dex+3
                  | SInv}
  1172 | D:2      | Reached XP level 3. HP: 33/40 MP: 3/3
  1208 | D:2      | Found a white marble altar of Elyvilon.
  1800 | D:2      | Reached XP level 4. HP: 34/49 MP: 4/4
  1899 | D:2      | Found a faded altar of an unknown god.
  2196 | D:3      | Noticed Terence
  2208 | D:3      | Killed Terence
  2209 | D:3      | Reached skill level 5 in Fighting
  2209 | D:3      | Reached skill level 4 in Maces & Flails
  2707 | D:3      | Reached XP level 5. HP: 22/57 MP: 5/5
  3644 | D:3      | Noticed Grinder
  3684 | D:3      | Killed Grinder
  3685 | D:3      | Reached skill level 5 in Maces & Flails
  3685 | D:3      | Reached XP level 6. HP: 38/68 MP: 6/6
  4091 | D:3      | Found a shimmering altar of Xom.
  4453 | D:4      | Found an ancient bone altar of Kikubaaqudgha.
  4790 | D:4      | Reached skill level 6 in Maces & Flails
  4790 | D:4      | Reached XP level 7. HP: 50/76 MP: 7/7
  5554 | D:5      | Entered Level 5 of the Dungeon
  6150 | D:4      | Reached skill level 7 in Maces & Flails
  6644 | D:5      | Found a basalt altar of Yredelemnul.
  6724 | D:5      | Reached XP level 8. HP: 87/87 MP: 8/8
  6915 | D:5      | Found a staircase to the Ecumenical Temple.
  7000 | Temple   | Entered the Ecumenical Temple
  8119 | D:5      | Reached skill level 8 in Maces & Flails
  8783 | D:5      | Found a hazy altar of Hepliaklqana.
  9141 | D:6      | Reached skill level 9 in Maces & Flails
  9368 | D:6      | Reached XP level 9. HP: 97/97 MP: 9/9
 10194 | D:6      | Found a radiant altar of Vehumet.
 10432 | D:7      | Found an ornate altar of the Wu Jian Council.
 10587 | D:7      | Reached skill level 10 in Maces & Flails
 10881 | D:7      | Found a stormy altar of Qazlal.
 11287 | D:7      | Reached *** piety under Trog
 11646 | D:7      | Found a broken altar of Ashenzari.
 11648 | D:7      | Found a shadowy altar of Dithmenos.
 11664 | D:7      | Reached skill level 11 in Maces & Flails
 11908 | D:7      | Found an opulent altar of Gozag.
 11912 | D:7      | Found a blossoming altar of Fedhas.
 11912 | D:7      | Found a white marble altar of Elyvilon.
 11994 | D:7      | Noticed Menkaure
 12004 | D:7      | Killed Menkaure
 12162 | D:8      | Noticed Erica
 12174 | D:8      | Noticed Prince Ribbit
 12175 | D:8      | HP: 2/98 [something (12)]
 12175 | D:8      | Slain by Erica

Illustrated notes

Levels and vault maps discovered:
D:1:      evilmike_arrival_rings, layout_basic
D:2:      minmay_alternating_diamond, layout_basic, basic_altar,
          shapermc_ecumenical_altar_mp_vishouse, minmay_lizard_king
D:3:      layout_basic, general_overflow_altar, supply_closet_lemuel,
          hangedman_decor_riveting, minmay_pentomino_pile, uniq_terence,
          uniq_grinder
D:4:      layout_layer_cave, nicolae_kikubaaqudgha_miasma_corner,
          nicolae_nh_ransacked_shop
D:5:      layout_loops_corners, nzn_hepliaklqana_mist_gate,
          mainiacjoe_overflow_catwalk, minmay_temple_entry_glass,
          cheibrodos_sewer_entry_drain
D:6:      layout_loops_ring, lemuel_coloured_pillars_altar, grunt_ministairs_15
D:7:      layout_cave_pods, minmay_overflow_temple_star_hex,
          mainiacjoe_overflow_concentric_impassable,
          mainiacjoe_overflow_alcove_2, uniq_menkaure
D:8:      layout_rooms, enter_ossuary_1, dilly_guarded_unrand_elemental_staff,
          uniq_prince_ribbit1, uniq_erica
Temple:   corrupted_temple

Skill      XL: |  1  2  3  4  5  6  7  8  9 |
---------------+----------------------------+-----
Maces & Flails | 3 4 5 6 7 9 11 | 11.3
Fighting       | 5 6 7 8 9 |  9.1
Dodging        | |  2.6

Action                     |  1- 3 |  4- 6 |  7- 9 || total
---------------------------+-------+-------+-------++-------
  Melee: Mace              |   127 |   124 |   316 ||   567
         Punch             |     1 |       |     6 ||     7
         Giant spiked club |       |       |    97 ||    97
 Invoke: Berserk           |     1 |     3 |    11 ||    15
         Trog's Hand       |       |     2 |     4 ||     6
    Use: Scroll            |       |       |    19 ||    19
   Stab: Sleeping          |     2 |       |       ||     2
 Armour: Animal skin       |    41 |    24 |    87 ||   152
  Dodge: Dodged            |    57 |    66 |   183 ||   306

Table legend: (Time is in decaauts)
 A = Elapsed time spent in this place.
 B = Non-inter-level travel time spent in this place.
 C = Inter-level travel time spent in this place.
 D = Time resting spent in this place.
 E = Time spent auto-exploring this place.
 F = Levels seen in this place.
 G = Mean time per level.
                   A        B        C        D        E       F      G
               +--------+--------+--------+--------+--------+-----+--------+
         Total |  12396 |  12049 |    347 |   5086 |   5060 |   9 | 1377.3 |
       Dungeon |  12356 |  12021 |    335 |   5086 |   5038 |   8 | 1544.5 |
        Temple |     39 |     27 |     12 |      0 |     22 |   1 |   39.0 |
               +--------+--------+--------+--------+--------+-----+--------+

Top non-repeatable levels by time:
     D:3: 2611 daAuts
     D:5: 2388 daAuts
     D:4: 1934 daAuts
     D:7: 1793 daAuts
     D:6: 1380 daAuts
     D:2: 1307 daAuts
     D:1: 917 daAuts
  Temple: 39 daAuts
     D:8: 23 daAuts
